 Dungeon Crawl Stone Soup version 0.28-a0-595-g9f6c0e134a (webtiles) character file.

Game seed: 11338471254298226377

470 bande the Chopper (level 7, 0/44 HPs)
             Began as a Gargoyle Fighter on Oct 4, 2021.
             Slain by a wight (5 damage)
             ... on level 4 of the Dungeon.
             The game lasted 00:06:29 (4173 turns).

bande the Chopper (Gargoyle Fighter)                Turns: 4173, Time: 00:06:29

Health: 0/44       AC: 17    Str: 20    XL:     7   Next: 9%
Magic:  7/7        EV:  7    Int:  9    God:
Gold:   164        SH:  4    Dex: 10    Spells: 6/6 levels left

rFire   . . .      SeeInvis .   a - +0 war axe
rCold   . . .      Faith    .   c - +0 buckler
rNeg    + . .      Spirit   .   e - +0 chain mail
rPois   ∞          Reflect  .   (no helmet)
rElec   +          Harm     .   g - +2 cloak
rCorr   .          Rampage  .   (no gloves)
Will    .....                   (no boots)
Stlth   ..........              (no amulet)
HPRegen 0.14/turn               (no ring)
MPRegen 0.10/turn               (no ring)

@: no status effects
A: sickness immunity, AC +4, negative energy resistance 1, electricity
resistance, torment resistance 1, petrification resistance
a: no special abilities


You were on level 4 of the Dungeon.
You visited 1 branch of the dungeon, and saw 4 of its levels.

You collected 164 gold pieces.

Inventory:

Hand Weapons
 a - a +0 war axe (weapon)
Armour
 c - a +0 buckler (worn)
 e - a +0 chain mail (worn)
 g - a +2 cloak (worn)
 n - a +0 kite shield
Jewellery
 i - a ring of magical power
Scrolls
 b - 2 scrolls of amnesia
 h - a scroll of summoning
 k - 2 scrolls of identify
 m - a scroll of teleportation {unknown}
Potions
 d - a potion of might
 f - a potion of berserk rage
 j - a potion of curing {unknown}
 l - a potion of haste {unknown}


   Skills:
 + Level 4.4 Fighting
 + Level 5.1 Axes
 + Level 4.7 Armour
 + Level 4.1 Shields


You had 6 spell levels left.
You didn't know any spells.
Your spell library contained the following spells:

 Spells                   Type           Power      Damage    Failure   Level
 Gell's Gravitas          Tloc           0%         N/A       100%        3
 Teleport Other           Tloc           0%         N/A       100%        3
 Dispersal                Tloc           0%         N/A       100%        6


Dungeon Overview and Level Annotations

Branches:
Dungeon (4/15)
 Temple: D:4-7

Altars:
Fedhas


Innate Abilities, Weirdness & Mutations

You are immune to sickness and miasma.
Your stone body is resilient. (AC +4)
You are immune to poison.
You resist negative energy. (rN+)
You are resistant to electric shocks. (rElec)
You are resistant to unholy torment.
You are immune to petrification.


Message History

You slash the wight!
The wight is severely damaged.
You hit the wight but do no damage. The wight completely misses you.
The wight hits you with a +4 dagger of freezing.
The wight freezes you.
You hit the wight.
The wight is almost destroyed.
You hit the wight but do no damage.
The wight hits you with a +4 great sword!
You slash the wight!
You destroy the wight!
You hit the wight. The wight hits you but does no damage.
Your Axes skill increases to level 5!
You have reached level 7!
You slash the wight!
You destroy the wight!
You barely miss the wight. You block the wight's attack.
You barely miss the wight. The wight hits you with a +0 hand axe!
You block the wight's attack.
You slash the wight!
The wight is heavily damaged.
You hit the wight but do no damage.
The wight is heavily damaged.
You hit the wight. The wight hits you but does no damage.
The wight hits you with a +0 hand axe!
* * * LOW HITPOINT WARNING * * *
You hit the wight.
The wight is severely damaged.
You closely miss the wight.
The wight hits you with a +0 short sword!
* * * LOW HITPOINT WARNING * * *
You block the wight's attack.
You hit the wight.
The wight is severely damaged.
You hit the wight but do no damage.
The wight hits you but does no damage. x2
You slash the wight!
You destroy the wight!
You hit the wight but do no damage. The wight hits you but does no damage.
The wight hits you with a +0 short sword.
You die...

##....##..#####
#... .
##.......#
#.#.. # .
##......# ##...
#.#. ###..###
##.> ....##
#.### ### .
....# #.# # ...
... #(# #
#.#..#z##.# #
......)@..#
###########


You could see a wight.

Vanquished Creatures
  A scorpion (D:3)
  3 wights (D:4)
  A hound (D:4)
  Crazy Yiuf (D:2)
  An orc wizard (D:3)
  Natasha (thrice) (D:3)
  8 adders
  4 worms
  2 dart slugs (D:1)
  5 orcs (D:3)
  5 ball pythons
  5 bats
  10 endoplasms
  6 giant cockroaches
  7 goblins
  6 hobgoblins
  13 kobolds
  3 quokkas
  3 frilled lizards
  7 rats
94 creatures vanquished.

Notes
Turn   | Place    | Note
-------+----------+-------------------------------------------
     0 | D:1      | bande the Gargoyle Fighter began the quest for the Orb.
     0 | D:1      | Reached XP level 1. HP: 14/14 MP: 1/1
   228 | D:1      | Reached XP level 2. HP: 16/19 MP: 2/2
   554 | D:1      | Reached skill level 2 in Axes
   808 | D:1      | Found a faded altar of an unknown god.
   840 | D:1      | Reached XP level 3. HP: 24/24 MP: 3/3
  1287 | D:2      | Reached XP level 4. HP: 29/29 MP: 4/4
  1419 | D:2      | Reached skill level 3 in Axes
  1820 | D:2      | Found a runed translucent door.
  1821 | D:2      | Noticed Crazy Yiuf
  2159 | D:2      | Killed Crazy Yiuf
  2160 | D:2      | Reached XP level 5. HP: 3/33 MP: 5/5
  2898 | D:3      | Reached skill level 4 in Axes
  2898 | D:3      | Reached XP level 6. HP: 38/38 MP: 6/6
  3172 | D:3      | Noticed Natasha
  3179 | D:3      | Killed Natasha
  3552 | D:3      | Noticed Natasha
  3569 | D:3      | Killed Natasha
  3925 | D:3      | Noticed Natasha
  3936 | D:3      | Killed Natasha
  4032 | D:4      | Found a blossoming altar of Fedhas.
  4048 | D:4      | Upgraded the game from 0.28-a0-589-g333b8329f1 to
                  | 0.28-a0-595-g9f6c0e134a
  4166 | D:4      | Reached skill level 5 in Axes
  4166 | D:4      | Reached XP level 7. HP: 26/44 MP: 7/7
  4173 | D:4      | Slain by a wight

Illustrated notes

Levels and vault maps discovered:
D:1:      minmay_arrival_split_and_join, layout_loops_cross,
          ebering_ecumenical_altar_sacrificial, hangedman_feature_mirror,
          kennysheep_minor_cross
D:2:      minmay_chambers_of_twos, layout_basic, minmay_quantized,
          uniq_crazy_yiuf_cottage
D:3:      minmay_skewed_foursquare, layout_rooms, uniq_natasha
D:4:      layout_loops_corners, xom_confusion_cloud, nicolae_gozag_seed_capital,
          lemuel_doored_altar, fedhas_altar_decomposition, nrook_mini_backslash

Skill      XL: |  1  2  3  4  5  6 |
---------------+-------------------+-----
Axes           | 2 3 4 5 |  5.1
Fighting       | 4 |  4.4
Armour         | 4 |  4.7
Shields        | 4 |  4.1

Action                   |  1- 3 |  4- 6 |  7- 9 || total
-------------------------+-------+-------+-------++-------
Melee: War axe           |   108 |   225 |     8 ||   341
  Use: Scroll            |     1 |     6 |       ||     7
Armor: Scale mail        |    62 |    13 |       ||    75
       Chain mail        |       |   142 |     4 ||   146
       Skin              |       |     5 |       ||     5
Dodge: Dodged            |    53 |    92 |       ||   145
Block: Buckler           |    24 |    59 |     3 ||    86

Table legend: (Time is in decaauts)
 A = Elapsed time spent in this place.
 B = Non-inter-level travel time spent in this place.
 C = Inter-level travel time spent in this place.
 D = Time resting spent in this place.
 E = Time spent auto-exploring this place.
 F = Levels seen in this place.
 G = Mean time per level.
                   A        B        C        D        E       F      G
               +--------+--------+--------+--------+--------+-----+--------+
         Total |   4325 |   4266 |     59 |    865 |   2331 |   4 | 1081.2 |
       Dungeon |   4325 |   4266 |     59 |    865 |   2331 |   4 | 1081.2 |
               +--------+--------+--------+--------+--------+-----+--------+

Top non-repeatable levels by time:
     D:3: 1580 daAuts
     D:2: 1359 daAuts
     D:1: 1178 daAuts
     D:4: 206 daAuts
